 Dungeon Crawl Stone Soup version 0.31.0-9-g3a7656b989 (webtiles) character file.

Game seed: 7892124326543524252

6449 Killerpretzel the Zephyrmancer (level 10, -1/44 HPs)
             Began as a Felid Air Elementalist on Jan 31, 2024.
             Was an Initiate of Gozag.
             Killed from afar by Lodul (20 damage)
             ... with a bolt of lightning
             ... on level 10 of the Dungeon.
             The game lasted 00:50:07 (10298 turns).

Killerpretzel the Zephyrmancer (FeAE)              Turns: 10298, Time: 00:50:08

Health: -1/44      AC:  2    Str:  4    XL:     10   Next: 67%
Magic:  8/22       EV: 19    Int: 23    God:    Gozag
Gold:   749        SH:  0    Dex: 17    Spells: 18/23 levels left
                                        Lives:  0   Deaths: 4

rFire   . . .        (weapon unavailable)
rCold   + . .        (shield unavailable)
rNeg    . . .        (body armour unavailable)
rPois   .            (helmet unavailable)
rElec   .            (cloak unavailable)
rCorr   +            (gloves unavailable)
SInv    +            (boots unavailable)
Will    +....        b - amulet of magic regeneration
Stlth   +++          i - ring of resist corrosion
HPRegen 0.27/turn    e - ring of protection from cold
MPRegen 0.58/turn

%: no passive effects
@: no status effects
A: very small, claws 1, fangs 3, see invisible, shaggy fur 2, stealthy paws, no
weapons or thrown items, no armour, multi-lived
a: Renounce Religion, Potion Petition, Call Merchant, Bribe Branch


You were on level 10 of the Dungeon.
You worshipped Gozag.
Gozag was pleased with you.
You visited 2 branches of the dungeon, and saw 11 of its levels.

You collected 940 gold pieces.
You paid 191 gold pieces to Gozag.

Inventory:

Jewellery
 b - an amulet of magic regeneration (around neck)
 c - a +6 ring of strength
 e - a ring of protection from cold (right paw)
 i - a ring of resist corrosion (left paw)
 l - a +6 ring of strength
 q - a +4 ring of protection
 t - a ring of positive energy
Wands
 o - a wand of flame (16)
Scrolls
 d - 4 scrolls of teleportation
 h - 2 scrolls of enchant armour
 k - 2 scrolls of torment
 p - a scroll of immolation
 r - 3 scrolls of amnesia
 s - a scroll of silence {unknown}
 u - 3 scrolls of revelation
 v - a scroll of noise {unknown}
 w - 4 scrolls of identify
 x - a scroll of poison
 y - a scroll of fear
Potions
 a - a potion of magic
 f - 3 potions of haste
 g - 2 potions of berserk rage
 j - a potion of enlightenment
 m - 2 potions of lignification
 n - 2 potions of invisibility
 z - a potion of attraction {unknown}
 A - a potion of brilliance {unknown}
 B - a potion of curing


   Skills:
 - Level 5.0 Dodging
 - Level 5.4 Stealth
 + Level 7.4 Spellcasting
 + Level 7.1 Conjurations
 * Level 10.5 Air Magic


You had 18 spell levels left.
You knew the following spells:

 Your Spells              Type           Power      Damage    Failure   Level
a - Shock                 Conj/Air       100%       1d9       1%          1
b - Airstrike             Air            27%        2d(4-20)  1%          4

Your spell library contained the following spells:

 Spells                   Type           Power      Damage    Failure   Level
 Kiss of Death            Conj/Necr      100%       2d13      1%          1
 Static Discharge         Conj/Air       98%        3-8/arc   1%          2
 Swiftness                Air            55%        N/A       1%          3
 Slow                     Hex            32%        N/A       8%          1
 Summon Lightning Spire   Summ/Air       32%        N/A       9%          4
 Confusing Touch          Hex            8%         N/A       22%         3
 Sigil of Binding         Hex            8%         N/A       22%         3
 Vampiric Draining        Necr           8%         2d6       22%         3
 Dispel Undead            Necr           8%         3d8       58%         4
 Summon Forest            Summ/Tloc      4%         N/A       90%         5
 Summon Mana Viper        Hex/Summ       8%         N/A       90%         5
 Summon Cactus Giant      Summ           4%         N/A       100%        6


Dungeon Overview and Level Annotations

Branches:
Dungeon (10/15)            Temple (1/1) D:5
   Lair: D:8-11         Orc: D:9-12

Altars:
Ashenzari
Cheibriados
Dithmenos
Elyvilon
Fedhas
Gozag
Hepliaklqana
Kikubaaqudgha
Makhleb
Okawaru
Qazlal
Ru
Sif Muna
Trog
Uskayaw
Vehumet
Wu Jian
Xom
Yredelemnul
Zin
The Shining One

Shops:
D:7 [

Annotations:
D:3 exclusion: downstairs
D:7 1 runed translucent door, exclusions: door and wyvern, Crazy Yiuf
D:9 exclusions: downstairs and yak
D:10 exclusion: gargoyle, Lodul


Innate Abilities, Weirdness & Mutations

You have sharp claws.
You have razor-sharp teeth.
You have supernaturally acute eyesight. (SInv)
You are covered in thick fur. (AC +2)
Your paws help you pounce on unaware monsters.
You are incapable of wielding weapons or throwing items.
You cannot wear armour.
You gain extra lives every three experience levels.


Message History

Things that are here:
17 gold pieces; a +0 giant club Lodul stamps his feet.
Electricity crackles from Lodul's apparatus.
The bolt of lightning misses you.
Casting: Airstrike (dangerous; 1% risk of failure)
Confirm with . or Enter, or press ? or * to list all spells.
Aiming: Airstrike (dangerous; 1% risk of failure)
Press: ? - help, Dir - move target, f - Lodul
Aim: Lodul, wielding a +0 dire flail (empty space bonus: 5/8)
The air twists around and strikes Lodul!!
Lodul is moderately wounded.
Casting: Airstrike (dangerous; 1% risk of failure)
Confirm with . or Enter, or press ? or * to list all spells.
Aiming: Airstrike (dangerous; 1% risk of failure)
Press: ? - help, Dir - move target, f/p - Lodul
Aim: Lodul, wielding a +0 dire flail (moderately wounded, empty space bonus: 4/8)
The air twists around and strikes Lodul!!
Lodul is heavily wounded.
Casting: Airstrike (dangerous; 1% risk of failure)
Confirm with . or Enter, or press ? or * to list all spells.
Aiming: Airstrike (dangerous; 1% risk of failure)
Press: ? - help, Dir - move target, f/p - Lodul
Aim: Lodul, wielding a +0 dire flail (heavily wounded, empty space bonus: 3/8)
The air twists around and strikes Lodul!
Lodul is severely wounded.
Electricity crackles from Lodul's apparatus.
The bolt of lightning hits you!!
Ouch! That really hurt!
Casting: Airstrike (dangerous; 1% risk of failure)
Confirm with . or Enter, or press ? or * to list all spells.
Aiming: Airstrike (dangerous; 1% risk of failure)
Press: ? - help, Dir - move target, f/p - Lodul
Aim: Lodul, wielding a +0 dire flail (severely wounded, empty space bonus: 3/8)
The air twists around and strikes Lodul!
Lodul is almost dead.
Electricity crackles from Lodul's apparatus.
The bolt of lightning hits you!!
You die...
Your body crumbles into a pile of gold.

#....# #.#.............## #....#
#...............#
#....######.......#####....
#.........##......############..
#....####.).....O...............
###### ########..#####...####...
................####...
########.........#.$'... ##
.......@#####....#.##... .#
#######.##.........#.... .#
#.....#.##.............. .#
#.###.#O##.......>....# .# #.#
#.#.............#### ##
#####.###.#....###.#.##..... #
#.........#....##~~~~#~~~~~~
######..........)...#~~~~~~~~~~~~
..............##...)~~~.#.~.~~~##


You could see Lodul.

Vanquished Creatures
  Erica (D:8)
  A two-headed ogre (D:10)
  An unseen horror (D:8)
  A komodo dragon (D:10)
  A shadow (D:10)
  3 wyverns
  3 steam dragons (D:8)
  3 water moccasins
  A black bear (D:6)
  An orc warrior (D:10)
  11 ogres
  A centaur (D:7)
  A phantom (D:4)
  2 kobold brigands
  3 bullfrogs
  3 scorpions
  A gnoll sergeant (D:9)
  3 killer bees
  3 electric eels (D:10)
  4 howler monkeys
  A bombardier beetle (D:4)
  2 centaur zombies (D:9)
  3 jellies
  2 orc priests
  6 hounds
  4 sleepcaps
  7 iguanas
  8 orc wizards
  8 gnolls
  5 adders
  2 river rats (D:6)
  A shadow imp (D:7)
  3 white imps (D:7)
  2 ufetubi (D:6)
  2 ribbon worms
  3 dart slugs
  32 orcs
  5 endoplasms
  5 giant cockroaches
  4 goblins
  5 hobgoblins
  13 jackals
  8 quokkas
  12 ball pythons
  7 bats
  7 frilled lizards
  12 kobolds
  7 rats
224 creatures vanquished.

Notes
Turn   | Place    | Note
-------+----------+-------------------------------------------
     0 | D:1      | Killerpretzel the Felid Air Elementalist began the quest
                  | for the Orb.
     0 | D:1      | Reached XP level 1. HP: 9/9 MP: 4/4
    41 | D:1      | Reached skill level 1 in Conjurations
    53 | D:1      | Reached XP level 2. HP: 11/13 MP: 1/6
   636 | D:2      | Reached XP level 3. HP: 12/16 MP: 3/7
   674 | D:2      | Reached skill level 3 in Air Magic
   691 | D:2      | Found a sacrificial altar of Ru.
  1079 | D:2      | Found a faded altar of an unknown god.
  1442 | D:3      | Reached XP level 4. HP: 16/21 MP: 4/8
  1442 | D:3      | Gained a life (2 lives remaining)
  1763 | D:3      | Reached XP level 5. HP: 6/24 MP: 6/9
  1962 | D:3      | Slain by an orc
  1962 | D:3      | Lost a life (1 life remaining)
  2211 | D:3      | Found a snail-covered altar of Cheibriados.
  2211 | D:3      | Found an iron altar of Okawaru.
  2408 | D:4      | Noticed a phantom
  2439 | D:4      | Reached skill level 4 in Air Magic
  2592 | D:4      | Gained mutation: You are covered in thick fur. (AC +2)
                  | [Felid growth]
  2592 | D:4      | Reached XP level 6. HP: 14/28 MP: 5/11
  2947 | D:4      | Reached skill level 5 in Stealth
  3229 | D:4      | Reached XP level 7. HP: 32/32 MP: 9/12
  3229 | D:4      | Gained a life (2 lives remaining)
  3602 | D:5      | Entered Level 5 of the Dungeon
  3750 | D:5      | Reached skill level 5 in Dodging
  3791 | D:5      | Reached skill level 5 in Air Magic
  3895 | D:5      | Found a staircase to the Ecumenical Temple.
  3922 | Temple   | Entered the Ecumenical Temple
  4155 | D:5      | Identified the +2 pair of boots of the Stallion {Will+}
  4440 | D:5      | Identified the +10 dagger of Kuus {elec, Int+3}
  4505 | D:6      | Found a shadowy altar of Dithmenos.
  4506 | D:6      | Found a hide-covered altar of Uskayaw.
  4506 | D:6      | Found a shimmering blue altar of Sif Muna.
  4506 | D:6      | Found a blossoming altar of Fedhas.
  4517 | D:6      | Reached XP level 8. HP: 36/36 MP: 12/15
  4627 | D:6      | Reached skill level 6 in Air Magic
  4964 | D:6      | Learned a level 4 spell: Airstrike
  5351 | D:6      | Found a glowing silver altar of Zin.
  6034 | D:6      | Reached skill level 7 in Air Magic
  6150 | D:7      | Reached skill level 5 in Spellcasting
  6368 | D:7      | Succumbed to a water moccasin's poison
  6368 | D:7      | Lost a life (1 life remaining)
  6472 | D:7      | Found a sand-covered staircase.
  6591 | D:7      | HP: 1/36 [poisoned by a water moccasin]
  6592 | D:7      | Succumbed to a water moccasin's poison
  6592 | D:7      | Lost a life (0 lives remaining)
  6859 | D:7      | Reached XP level 9. HP: 34/39 MP: 12/17
  6925 | D:7      | Found a runed translucent door.
  6926 | D:7      | Noticed Crazy Yiuf
  7017 | D:7      | Found Haida's Dragon-Slaying Spoils.
  7166 | D:7      | Reached skill level 5 in Conjurations
  7361 | D:8      | Noticed Erica
  7365 | D:8      | Noticed an unseen horror
  7521 | D:8      | Reached skill level 8 in Air Magic
  7901 | D:8      | Killed an unseen horror
  7947 | D:8      | Killed Erica
  7948 | D:8      | Reached skill level 9 in Air Magic
  8186 | D:9      | Found a basalt altar of Yredelemnul.
  8434 | D:9      | Reached XP level 10. HP: 44/44 MP: 12/20
  8434 | D:9      | Gained a life (1 life remaining)
  8736 | D:9      | Found an ancient bone altar of Kikubaaqudgha.
  8876 | D:9      | Found an opulent altar of Gozag.
  8876 | D:9      | Found an ornate altar of the Wu Jian Council.
  8882 | D:9      | Became a worshipper of Gozag Ym Sagoz the Greedy
  9055 | D:10     | Entered Level 10 of the Dungeon
  9149 | D:10     | Noticed Lodul
  9263 | D:10     | HP: 2/44 [komodo dragon (12)]
  9265 | D:10     | Mangled by a komodo dragon
  9265 | D:10     | Lost a life (0 lives remaining)
  9522 | D:10     | Reached skill level 10 in Air Magic
  9808 | D:10     | Noticed a two-headed ogre
  9815 | D:10     | Killed a two-headed ogre
  9962 | D:10     | Noticed a gargoyle
 10298 | D:10     | Killed from afar by Lodul

Illustrated notes

Levels and vault maps discovered:
D:1:      scummos_arrival_forest, layout_basic
D:2:      layout_loops_cross, shapermc_ecumenical_altar_mp_highgroup,
          basic_altar
D:3:      layout_rooms, gammafunk_temple_overflow_elements,
          minmay_gold_behind_fungi
D:4:      layout_loops_ring
D:5:      layout_cave_pools, minmay_temple_entry_antechambers,
          serial_bayou_pond_d
D:6:      layout_basic, mainiacjoe_overflow_cross_hatched,
          chequers_temple_overflow_statue_of_worship, portal_sewer_entry_e
D:7:      layout_loops_corners, enter_ossuary_5, nicolae_shop_dragon_depot,
          hangedman_decor_push, minmay_puff, uniq_crazy_yiuf_cottage
D:8:      layout_cave_pools, uniq_erica
D:9:      layout_cave_pods, general_overflow_altar,
          lemuel_zombie_altar_yredelemnul, nicolae_overflow_two_pavilions,
          nemelex_diamond_rough_becter, serial_shops, nicolae_stop_n_shop_1
D:10:     layout_basic, serial_glass, glass_columns_a, glass_columns_b,
          uniq_lodul
Temple:   eino_wide_crystal_templ

Skill      XL: |  1  2  3  4  5  6  7  8  9 10 |
---------------+-------------------------------+-----
Conjurations   | 1 2 3 4 6 7 |  7.1
Stealth        | 3 4 5 |  5.4
Dodging        | 3 4 5 |  5.0
Air Magic      | 3 4 5 7 9 10 | 10.5
Spellcasting   | 3 4 5 6 7 |  7.4

Action                     |  1- 3 |  4- 6 |  7- 9 | 10-12 || total
---------------------------+-------+-------+-------+-------++-------
  Melee: Unarmed           |     2 |     1 |       |       ||     3
   Cast: Shock             |    99 |   222 |   310 |     8 ||   639
         Airstrike         |       |       |    44 |    78 ||   122
    Use: Scroll            |     7 |     1 |     7 |       ||    15
         Potion            |       |     3 |     6 |       ||     9
 Armour: Skin              |     8 |    51 |    64 |    12 ||   135
  Dodge: Dodged            |    19 |    73 |   122 |    25 ||   239
